[Event "*** SCC Grand Prix: Titled Tuesday Blitz"]
[Site "Chess.com"]
[Date "2020.10.13"]
[Round "1"]
[White "vovachesss"]
[Black "Unknown_IM"]
[Result "1-0"]
[WhiteElo "2674"]
[BlackElo "2345"]
[TimeControl "180+1"]
[EndTime "10:07:54 PDT"]
[Termination "vovachesss won by checkmate"]

1. Nf3 d5 2. b3 Nf6 3. Bb2 e6 4. e3 Be7 5. Be2 O-O 6. O-O b6 7. c4 Bb7 8. d4 c5 9. Nbd2 Nbd7 10. Rc1 Rc8 11. Qc2 Qc7 12. Qb1 Qb8 13. cxd5 exd5 14.
Nh4 Rfd8 15. Nf5 Bf8 16. dxc5 bxc5 17. Qa1 Rc6 18. Bb5 Re6 19. Nf3 d4 20. Bc4 Bxf3 21.
gxf3 Re5 22. Ng3 Nh5 23. exd4 Rg5 24. Kg2 Ndf6 25. dxc5 Rxc5 26. Bxf6 Nxf6 27. Rfd1 Rg5 28.
Rxd8 Qxd8 29. Qc3 Nh5 30. Qe3 Qf6 31. Rd1 Nf4+ 32. Kh1 g6 33. Rd7 Ne6 34. Bxe6 fxe6 35. Kg2 h6 36. Qxa7 h5 37. Qd4 e5 38. Qd5+ Kh8 39.
h4 Rf5 40. Nxf5 Qxf5 41. Rf7 Qc8 42. Qd7 Kg8 43. Qxc8 Kxf7 44. Qd7+ Be7 45. b4 Kf6 46. b5 Bd6 47. b6 Bc5 48. b7 Bd4 49. b8=Q e4 50.
Qf4# 1-0

[Event "*** SCC Grand Prix: Titled Tuesday Blitz"]
[Site "Chess.com"]
[Date "2020.10.13"]
[Round "1"]
[White "Supernotar"]
[Black "yourstrulyme"]
[Result "1-0"]
[WhiteElo "2832"]
[BlackElo "2436"]
[TimeControl "180+1"]
[EndTime "10:07:55 PDT"]
[Termination "Supernotar won by resignation"]

1. d4 b6 2. c4 Bb7 3. Nf3 e6 4. g3 f5 5. Bg2 Nf6 6. O-O Be7 7. Nc3 O-O 8. d5 Na6 9. Nd4 Qc8 10. dxe6 Bxg2 11.
Kxg2 dxe6 12. Qc2 Nb4 13. Qb3 c5 14. Nc2 Nc6 15. Na3 Nd4 16. Qa4 a6 17. e3 b5 18.
Qd1 b4 19. exd4 bxa3 20. d5 Rd8 21.
Qe2 Ra7 22. dxe6 Rd6 23. Re1 Rb7 24. bxa3 Rbb6 25. Bf4 Rxe6 26. Qf3 g6 27. Nd5 Nxd5 28. Qxd5 Bf6 29. Rxe6 Qxe6 30. Rd1 Qxd5+ 31. Rxd5 Kf7 32. Rxc5 Rb2 33. Rc7+ Ke6 34. Be3 Rxa2 35. Rc6+ Kf7 36. Rxa6 h5 37. h4 Be7 38. c5 Rc2 39. c6 Ke6 40.
c7+ Kf7 41. Ra7 Ke6 42. Bb6 Bd6 43. Ra8 Bxc7 44. Rc8 Kd7 45. Rxc7+ Rxc7 46. Bxc7 Kxc7 47. Kf3 Kb6 48. Kf4 Kb5 49. Kg5 Ka4 50. Kxg6 f4 51. gxf4 Kxa3 52. Kxh5 Kb4 53. f5 Kc5 54. Kg6 Kd6 55. f6 1-0

[Event "*** SCC Grand Prix: Titled Tuesday Blitz"]
[Site "Chess.com"]
[Date "2020.10.13"]
[Round "1"]
[White "Nemsko"]
[Black "tsvet2005"]
[Result "1/2-1/2"]
[WhiteElo "2367"]
[BlackElo "2698"]
[TimeControl "180+1"]
[EndTime "10:07:56 PDT"]
[Termination "Game drawn by repetition"]

1. e4 c5 2. Nf3 d6 3. d4 cxd4 4. Nxd4 Nf6 5. Nc3 a6 6. Be3 e5 7. Nb3 Be6 8. h3 Be7 9. g4 d5 10. exd5 Nxd5 11. Nxd5 Bxd5 12. Rg1 O-O 13. Qd2 Nc6 14.
O-O-O Nb4 15. Kb1 Be4 16. Bd3 Nxd3 17. cxd3 Bg6 18. Ka1 Qd5 19. d4 Rfd8 20. Rge1 a5 21. dxe5 Qxe5 22. Bd4 Qd6 23. Qe2 a4 24. Nc1 Bf6 25.
Bxf6 Qxf6 26. f4 a3 27. Rxd8+ Qxd8 28. f5 axb2+ 29. Qxb2 Qh4 30. Re3 Qg5 31. Rd3 Bxf5 32. gxf5 Qxf5 33. Rg3 f6 34. Qb3+ Kh8 35. Qd3 Qe5+ 36.
Qc3 Qd5 37. Rd3 Qf5 38. Qd2 Rg8 39. Nb3 Qe5+ 40. Qc3 Qe7 41. Kb2 f5 42. Qc5 Qf6+ 43. Qd4 Qe6 44. Qd5 Qe2+ 45. Rd2 Qe7 46. Qd6 Qe4 47.
Qd5 Qe3 48. Qd4 Qe6 49. Qd5 Qf6+ 50. Qd4 Qe6 51. Qd5 Qf6+ 52. Qd4 Qe6 1/2-1/2

[Event "*** SCC Grand Prix: Titled Tuesday Blitz"]
[Site "Chess.com"]
[Date "2020.10.13"]
[Round "1"]
[White "Aygehovit1992"]
[Black "Misticpikachu"]
[Result "1-0"]
[WhiteElo "2623"]
[BlackElo "2284"]
[TimeControl "180+1"]
[EndTime "10:07:56 PDT"]
[Termination "Aygehovit1992 won by checkmate"]

1. Nf3 d5 2. g3 e6 3. Bg2 Nf6 4. O-O Be7 5. d3 O-O 6. c4 c5 7.
Nc3 Nc6 8. Bg5 h6 9. Bxf6 Bxf6 10. cxd5 exd5 11. Rc1 Be6 12. e4 Bxc3 13. Rxc3 dxe4 14.
dxe4 Qb6 15. Qc1 Nd4 16. Re1 Rac8 17. a3 Qb5 18. Bf1 Qa5 19. Ne5 Rfe8 20. Nc4 Qc7 21. Qf4 Bxc4 22. Qxc7 Rxc7 23. Bxc4 b5 24. Bd5 Rd7 25.
Kf1 c4 26. f4 a5 27. Kf2 Ne6 28. Bc6 Rd2+ 29. Ke3 Red8 30. Bxb5 Rxb2 31. Bxc4 Nc5 32. h4 Rg2 33. Kf3 Rdd2 34. Re2 Rgxe2 35. Bxe2 Nxe4 36.
Rc8+ Kh7 37. Ke3 Ra2 38. Bd3 f5 39. g4 Rxa3 40. Kd4 Ra4+ 41. Ke5 Ra3 42. Rd8 Rb3 43. gxf5 Nf6 44. Bc4 Ng4+ 45. Kd4 Rb4 46. Kc3 Nf6 47. Bf7 Rb6 48. Bg6# 1-0

[Event "*** SCC Grand Prix: Titled Tuesday Blitz"]
[Site "Chess.com"]
[Date "2020.10.13"]
[Round "1"]
[White "PauloCesarCosta_sad"]
[Black "CheckThis4"]
[Result "0-1"]
[WhiteElo "2275"]
[BlackElo "2607"]
[TimeControl "180+1"]
[EndTime "10:07:56 PDT"]
[Termination "CheckThis4 won on time"]

1. Nf3 d5 2. d4 Nf6 3. c4 e6 4. Nc3 dxc4 5. e3 a6 6. a4 c5 7.
Bxc4 Nc6 8. O-O Be7 9. dxc5 Bxc5 10. Qxd8+ Kxd8 11. e4 h6 12. Bf4 Ke7 13. Ne5 Nxe5 14. Bxe5 Bd7 15. Rad1 Rac8 16. Bxf6+ gxf6 17. Be2 Bb4 18.
Na2 Bd6 19. Nc3 Be5 20. Rd3 Bxc3 21. Rxc3 Rxc3 22. bxc3 Bxa4 23. Rb1 Bc6 24. f3 Rd8 25. Kf2 Rd2 26. Ke3 Rc2 27. Kd3 Ra2 28. Ke3 Kd6 29. g3 Kc5 30. h3 a5 31. h4 a4 32. Rb4 b5 33. Rb1 a3 34. Rb3 Ra1 35. g4 Bd7 36. h5 e5 37. Rb4 a2 38. Rb2 Bc6 39.
Kf2 Rc1 40. Rxa2 Rxc3 41. Rb2 b4 42. Ke1 Ba4 43. Kd2 Ra3 44. Ke1 Bb3 45. Kd2 Ra2 46.
Rxa2 Bxa2 47. Kc2 Be6 48. Kb2 Kd4 49. Kc2 Ke3 50. Bd1 Bc4 51. Kb2 Kd2 52. Bb3 Be2 0-1

[Event "*** SCC Grand Prix: Titled Tuesday Blitz"]
[Site "Chess.com"]
[Date "2020.10.13"]
[Round "1"]
[White "GoltsevDmitry2000"]
[Black "GM4life"]
[Result "1-0"]
[WhiteElo "2680"]
[BlackElo "2346"]
[TimeControl "180+1"]
[EndTime "10:07:57 PDT"]
[Termination "GoltsevDmitry2000 won by checkmate"]

1. e4 c5 2. Nf3 d6 3. d4 cxd4 4. Nxd4 Nf6 5. Nc3 a6 6. Be2 e5 7. Nb3 Be7 8. a4 Be6 9. O-O O-O 10. Be3 Nc6 11. f3 Rc8 12. Qd2 d5 13. exd5 Nxd5 14. Nxd5 Bxd5 15. Rfd1 Bxb3 16. cxb3 Bb4 17. Qxd8 Rfxd8 18. Bb6 Rxd1+ 19. Rxd1 Nd4 20. Bc4 Bc5 21. Bxc5 Rxc5 22.
Kf2 b5 23. axb5 axb5 24. Ra1 Kf8 25. Ra8+ Ke7 26. Ra7+ Kf6 27. Bxf7 Rc2+ 28. Kg3 Rxb2 29. Bd5 Ne2+ 30. Kg4 Nf4 31. Ra6+ Ke7 32. Bg8 Rxg2+ 33. Kf5 Rxh2 34. Kxe5 Ng6+ 35. Kd5 Rh5+ 36. Kd4 Nh4 37. f4 Nf5+ 38. Ke4 Nd6+ 39. Kf3 Rh3+ 40. Kg4 Rh6 41.
Ra7+ Kf8 42. Bd5 Rg6+ 43. Kf3 h5 44. Ra8+ Ke7 45. Ra7+ Kf6 46. Rd7 Kf5 47. Rd8 h4 48. Rh8 Rh6 49. Rf8+ Rf6 50. Rh8 Rh6 51. Rg8 Kg6 52.
Rd8 h3 53. Rxd6+ Kf5 54. Be4# 1-0

[Event "*** SCC Grand Prix: Titled Tuesday Blitz"]
[Site "Chess.com"]
[Date "2020.10.13"]
[Round "1"]
[White "Gerodot71"]
[Black "Sanan_Sjugirov"]
[Result "0-1"]
[WhiteElo "2457"]
[BlackElo "2892"]
[TimeControl "180+1"]
[EndTime "10:08:00 PDT"]
[Termination "Sanan_Sjugirov won by checkmate"]

1. d4 Nf6 2. c4 e6 3. Nf3 b6 4. a3 Bb7 5. Nc3 Ne4 6. Nxe4 Bxe4 7. e3 Be7 8. Bd3 d5 9. O-O O-O 10. b3 Nd7 11. Bb2 a5 12. Qc2 Bxf3 13. gxf3 Nf6 14. Kh1 Rc8 15. Rg1 Kh8 16. Rg2 Rg8 17. Rag1 c6 18.
Qe2 Qf8 19. a4 g6 20. Bb1 Qh6 21. f4 Rge8 22. Qf3 Qh5 23. Qg3 Kg8 24. f3 Red8 25. Qf2 Ne8 26. Bd3 Ng7 27. e4 Qh4 28.
Qe3 Re8 29. f5 exf5 30. exf5 Bf6 31. Qd2 Qh5 32. fxg6 fxg6 33. Qf2 Rf8 34. Bc1 Bh4 35. Qc2 Qxf3 36. Bh6 Rf6 37. Be2 Qe4 38. Bd3 Qf3 39.
Be2 Qf5 40. Bd3 Qh5 41. Bc1 Rcf8 42. cxd5 cxd5 43. Qc7 Qf3 44. Be2 Qe4 45. Bg4 Rf1 46.
Bh6 Rxg1+ 47. Kxg1 Qe1# 0-1

[Event "*** SCC Grand Prix: Titled Tuesday Blitz"]
[Site "Chess.com"]
[Date "2020.10.13"]
[Round "1"]
[White "ChronicUnhappiness"]
[Black "W_Amadeus"]
[Result "0-1"]
[WhiteElo "2353"]
[BlackElo "2701"]
[TimeControl "180+1"]
[EndTime "10:08:00 PDT"]
[Termination "W_Amadeus won on time"]

1. c4 Nf6 2. g3 e6 3. Bg2 d5 4. Nf3 Be7 5. O-O O-O 6. d4 dxc4 7. Qc2 c6 8. Qxc4 b5 9. Qb3 Bb7 10. a4 a6 11. Ne5 Qxd4 12. Bf4 Nd5 13. Rd1 Qb4 14.
Qxb4 Bxb4 15. Bxd5 cxd5 16. axb5 axb5 17. Rxa8 Bxa8 18.
Nc3 f6 19. Nd3 Bxc3 20. bxc3 Nd7 21. Rb1 e5 22. Be3 Rb8 23. Nc5 Nxc5 24. Bxc5 h5 25. f3 Bc6 26. Ra1 Rc8 27. Ra7 Be8 28. Bb4 d4 29. cxd4 exd4 30. Kf2 Bg6 31. Rb7 Rc2 32.
Ke1 d3 33. exd3 Bxd3 34. h4 Re2+ 35. Kd1 Rg2 36. Bd6 Bc4 37. Rb8+ Kh7 38. Rb7 Kg8 39. Rb8+ Kf7 40. Rb7+ Ke6 41. Bf8 g5 42. hxg5 fxg5 43. Rb6+ Kf5 44. Bd6 h4 45. gxh4 gxh4 46. Bc7 h3 47.
Rh6 b4 48. Rh4 b3 49. Rxc4 b2 50. Rb4 h2 51. Bxh2 Rxh2 0-1

[Event "*** SCC Grand Prix: Titled Tuesday Blitz"]
[Site "Chess.com"]
[Date "2020.10.13"]
[Round "1"]
[White "DrMamaliga"]
[Black "grzechu96"]
[Result "1/2-1/2"]
[WhiteElo "2362"]
[BlackElo "2692"]
[TimeControl "180+1"]
[EndTime "10:08:01 PDT"]
[Termination "Game drawn - insufficient material"]

1. c4 e5 2. Nc3 d6 3. Nf3 g6 4. d4 Nd7 5. e4 Bg7 6. Be2 Ngf6 7. O-O O-O 8. Qc2 Re8 9. Rd1 exd4 10. Nxd4 Nc5 11. f3 Nh5 12. Bf1 c6 13. Qf2 a5 14.
Be3 Qe7 15. Nb3 Ne6 16. g3 a4 17. Nd4 Nc5 18. Re1 Bd7 19. Rad1 Kh8 20. Bg2 Ne6 21.
Nxe6 Bxe6 22. g4 Nf6 23. Bf1 a3 24. Bd4 axb2 25. Qxb2 Kg8 26. Nd5 cxd5 27. exd5 Qd8 28. dxe6 fxe6 29. g5 Nh5 30. Bxg7 Nxg7 31. Qf6 Qb6+ 32.
Kh1 Rf8 33. Qd4 Qxd4 34. Rxd4 Rxf3 35. Rxd6 Rxa2 36. Bg2 Rff2 37. Bxb7 Rxh2+ 38. Kg1 Nf5 39. Rd8+ Kf7 40. Rd7+ Ke8 41. Bc6 Ne7 42. Rd2+ Kf7 43.
Rxh2 Rxh2 44. Kxh2 Nxc6 45. Rf1+ Ke7 46. Ra1 Nd4 47.
Ra7+ Kd6 48. Rxh7 Nf3+ 49. Kg3 Nxg5 50. Rg7 Ne4+ 51. Kf4 Nd2 52. Rxg6 Nxc4 53. Rxe6+ Kxe6 1/2-1/2

[Event "*** SCC Grand Prix: Titled Tuesday Blitz"]
[Site "Chess.com"]
[Date "2020.10.13"]
[Round "1"]
[White "Margency"]
[Black "andrzej"]
[Result "0-1"]
[WhiteElo "2593"]
[BlackElo "2295"]
[TimeControl "180+1"]
[EndTime "10:08:01 PDT"]
[Termination "andrzej won on time"]

1. e4 c6 2. d4 d5 3. exd5 cxd5 4. c4 Nf6 5. Nc3 Nc6 6. Bg5 g6 7. Bxf6 exf6 8. cxd5 Ne7 9. Bb5+ Bd7 10. Qe2 Bxb5 11. Qxb5+ Qd7 12. Qxd7+ Kxd7 13. Nf3 Nf5 14.
O-O-O Rc8 15. Kb1 Bg7 16. Ne4 b6 17. h4 h5 18. Rhe1 Rhe8 19. Nc3 Nd6 20. Re3 Nc4 21. Rxe8 Rxe8 22. b3 Nd6 23. Kc2 Bh6 24. Kd3 b5 25.
Re1 Rxe1 26. Nxe1 a6 27. g3 Nf5 28. Ne4 a5 29. Nxf6+ Kd6 30. Nc2 Bg7 31. Ne8+ Kxd5 32. Nxg7 Nxg7 33. Ne3+ Kd6 34. a4 bxa4 35. bxa4 Ne6 36.
Nc4+ Kd5 37. Nxa5 Nxd4 38. Nc4 Nb3 39. a5 Nc5+ 40. Kc3 Ne4+ 41. Kb4 f6 42. a6 Kc6 43. Ka5 Nxf2 44. Nd6 Kxd6 45. a7 Ne4 46. a8=Q Ke5 47. Qe8+ Kf5 48. Qd7+ Ke5 49. Qe7+ Kf5 50. Qa3 Kg4 51. Qe3 Nxg3 0-1

[Event "*** SCC Grand Prix: Titled Tuesday Blitz"]
[Site "Chess.com"]
[Date "2020.10.13"]
[Round "1"]
[White "Baby_Legs"]
[Black "aloe_normansen"]
[Result "1-0"]
[WhiteElo "2697"]
[BlackElo "2353"]
[TimeControl "180+1"]
[EndTime "10:08:02 PDT"]
[Termination "Baby_Legs won by resignation"]

1. c4 Nf6 2. Nc3 g6 3. d4 Bg7 4. e4 d6 5. Nf3 O-O 6. h3 e5 7.
d5 a5 8. g4 Na6 9. Bg5 Qe8 10. Rg1 Bd7 11. Bd3 c6 12. Qd2 cxd5 13. cxd5 Nc5 14. Be3 b5 15. Bxc5 dxc5 16. a4 c4 17. Bc2 b4 18. Ne2 Rc8 19. Kf1 Qe7 20. Kg2 Ne8 21. Ng3 Nd6 22. Qe3 c3 23. b3 Kh8 24. Kh2 f6 25. Rae1 Rc7 26. Nf1 Rfc8 27.
h4 Rc5 28. h5 f5 29. h6 Bf8 30. gxf5 gxf5 31. exf5 Nxf5 32. Qxe5+ Qxe5+ 33. Nxe5 Bd6 34. Kh1 Be8 35. Bxf5 Rd8 36. Be6 Bh5 37. Ng3 Bxe5 38. Nxh5 Bd4 39. Re2 c2 40. Rc1 Rf8 41. Rcxc2 Rxc2 42.
Rxc2 Be5 43. Rc8 Bd6 44. Rxf8+ Bxf8 45. f4 Bd6 46. Kg2 Bf8 47. Kf3 Bd6 48. Ke4 Bf8 49.
Ng3 Bd6 50. Bf5 Kg8 51. Nf1 Be7 52. Ne3 Bd6 53. Nc4 Bc7 54. d6 Bd8 55. Be6+ 1-0

[Event "*** SCC Grand Prix: Titled Tuesday Blitz"]
[Site "Chess.com"]
[Date "2020.10.13"]
[Round "1"]
[White "Manukyan_Artak"]
[Black "keepitcool9499"]
[Result "1-0"]
[WhiteElo "2318"]
[BlackElo "2619"]
[TimeControl "180+1"]
[EndTime "10:08:05 PDT"]
[Termination "Manukyan_Artak won by checkmate"]

1. e4 e6 2. d4 d5 3. e5 c5 4. c3 Nc6 5. Nf3 f5 6. a3 Nh6 7. Bxh6 gxh6 8. b4 b6 9. Nbd2 Bg7 10. g3 O-O 11. Bd3 a5 12. b5 Ne7 13. O-O Ng6 14. c4 cxd4 15. cxd5 exd5 16. Re1 f4 17. Bxg6 hxg6 18. Nxd4 fxg3 19. hxg3 Kh7 20. f4 Bf5 21. Nxf5 Rxf5 22. Nf3 Qd7 23. Nd4 Rh5 24. Qf3 Rc8 25. Rac1 Rc5 26. a4 Qh3 27. Qg2 Qg4 28. Qf3 Qc8 29.
Ne2 Qh3 30. Qg2 Qg4 31. Rxc5 bxc5 32. b6 Qe6 33. b7 Qb6 34. Qxd5 c4+ 35. Kg2 Qb4 36.
Rh1 Rxh1 37. Kxh1 c3 38. Nxc3 Qxc3 39. b8=Q Qe1+ 40. Kg2 Qe2+ 41. Kh3 Qh5+ 42. Kg2 Qe2+ 43.
Kg1 Qe1+ 44. Kh2 Qe2+ 45. Qg2 Qh5+ 46. Kg1 Qd1+ 47. Qf1 Qd4+ 48. Qf2 Qd1+ 49. Kg2 Qxa4 50. Qba7 Qe4+ 51. Qf3 Qc2+ 52. Qaf2 Qc4 53. Q2e2 Qb4 54. Qfe4 Qb3 55. e6 h5 56. f5 h4 57. fxg6+ Kh8 58.
Qxh4+ Kg8 59. e7 Be5 60. e8=Q+ Kg7 61. Qf7+ Qxf7 62. Qxe5+ Kxg6 63. Qhh5# 1-0

[Event "*** SCC Grand Prix: Titled Tuesday Blitz"]
[Site "Chess.com"]
[Date "2020.10.13"]
[Round "1"]
[White "mapleaff"]
[Black "Karateloru"]
[Result "1-0"]
[WhiteElo "2348"]
[BlackElo "2653"]
[TimeControl "180+1"]
[EndTime "10:08:08 PDT"]
[Termination "mapleaff won by resignation"]

1. d4 Nf6 2. c4 e6 3. Nf3 d5 4.
Nc3 Be7 5. Bf4 O-O 6. e3 a6 7.
Be2 dxc4 8. O-O b5 9. a4 b4 10. Na2 Nd5 11. Bg3 c3 12. bxc3 bxc3 13. e4 Nf6 14. Nxc3 Bb7 15. Qc2 Nc6 16. Rfd1 Nb4 17.
Qb1 Rb8 18. Ne5 a5 19. Nc4 Ba6 20. Qc1 Ra8 21. f3 Qc8 22. Bf2 Rd8 23. Bf1 c5 24.
dxc5 Bxc5 25. Rxd8+ Qxd8 26. Bxc5 Qc7 27. Bxb4 axb4 28.
Nb5 Qc5+ 29. Qe3 Qc6 30. Na5 Qd7 31. Nb3 Qe7 32. Qc5 Qd8 33. Nc7 Rc8 34. Bxa6 Rxc7 35. Qxb4 Qa8 36. Bb5 h5 37. Rc1 Qa7+ 38. Kf1 Rxc1+ 39.
Nxc1 Qe3 40. Qe1 Qa3 41. Ne2 h4 42. Qc3 Qa2 43. Bc4 Qb1+ 44. Kf2 h3 45. gxh3 Qh1 46. Qe5 Qd1 47. Bb5 Qd2 48. h4 Qa2 49. Qg5 Qb2 50. h5 Kf8 51. h4 Qb4 52. h6 gxh6 53. Qxf6 h5 54. Qd4 Qa3 55. Qd8+ Kg7 56. Qg5+ Kf8 57. Qe3 Qa2 58. Qc5+ Kg7 59. Qe5+ Kf8 60. Kg3 Qb1 61. Kg2 Qa2 62. Qh8+ Ke7 63. Qxh5 Qb2 64. Qg5+ Kf8 65. Qd8+ Kg7 66. Qd4+ 1-0

[Event "*** SCC Grand Prix: Titled Tuesday Blitz"]
[Site "Chess.com"]
[Date "2020.10.13"]
[Round "1"]
[White "pawnhopper316"]
[Black "albi1999"]
[Result "1/2-1/2"]
[WhiteElo "2293"]
[BlackElo "2616"]
[TimeControl "180+1"]
[EndTime "10:08:08 PDT"]
[Termination "Game drawn - insufficient material"]

1. d4 Nf6 2. c4 e6 3. Nc3 Bb4 4. Bd2 O-O 5. Nf3 b6 6. a3 Bxc3 7. Bxc3 Bb7 8. e3 d6 9. Bd3 Nbd7 10. b4 Qe7 11. O-O e5 12. dxe5 dxe5 13. Be2 Rad8 14. Qb3 Ne4 15. Bb2 Ng5 16. Nxg5 Qxg5 17. f3 Nf6 18.
Rad1 h5 19. Bc1 h4 20. e4 Qg6 21. Qe3 Nh5 22. Qg5 Qxg5 23. Bxg5 f6 24. Bxh4 Nf4 25. Kf2 Ba6 26. b5 Bc8 27. Bg3 Nxe2 28. Kxe2 Be6 29.
Rc1 Rd4 30. Rfd1 Bxc4+ 31. Ke1 Rxd1+ 32. Rxd1 Bxb5 33. Bf2 Kf7 34. Rb1 a6 35. Rc1 c5 36.
Rb1 Rb8 37. a4 Bxa4 38. Bxc5 Bb5 39. Be3 Ke6 40. h4 Kd7 41. g4 Kc6 42. h5 Bc4 43. f4 exf4 44. Bxf4 Re8 45. Kf2 Rxe4 46. Kf3 Re6 47. g5 fxg5 48. Bxg5 b5 49. Be3 a5 50. Bd4 Rh6 51. Kg4 g6 52. Rh1 Rxh5 53. Rxh5 gxh5+ 54. Kxh5 Kd5 55. Bc3 b4 56. Bd2 Kc5 57.
Kg5 a4 58. Kf4 a3 59. Ke4 a2 60. Be3+ Kb5 61. Bd4 Ka4 62. Ke3 Kb3 63. Kd2 Bf7 64.
Kc1 Bg6 65. Be5 Be4 66. Bf6 Ka3 67. Bd4 Bd3 68. Be5 Bh7 69. Bf6 b3 70. Be5 Kb4 71.
Kb2 Kc4 72. Bf6 Bc2 73. Bg7 Kd3 74. Bh8 Kd2 75. Bg7 Bd1 76. Bf6 a1=Q+ 77. Kxa1 Kc1 78. Be5 Kc2 79. Bf6 Be2 80. Bg7 Bc4 81. Bh8 b2+ 82.
Bxb2 1/2-1/2

[Event "*** SCC Grand Prix: Titled Tuesday Blitz"]
[Site "Chess.com"]
[Date "2020.10.13"]
[Round "1"]
[White "Rozum_Ivan"]
[Black "KyrgyzFighter"]
[Result "1-0"]
[WhiteElo "2733"]
[BlackElo "2379"]
[TimeControl "180+1"]
[EndTime "10:08:11 PDT"]
[Termination "Rozum_Ivan won by checkmate"]

1. d4 d5 2. c4 c6 3. Nf3 Nf6 4. Qc2 a6 5. Nbd2 g6 6. g3 Bg7 7. Bg2 O-O 8. O-O Bf5 9. Qb3 Qc8 10. Nh4 Be6 11. Qc2 Nbd7 12. b3 b5 13. c5 a5 14. Bb2 a4 15. b4 Bg4 16. f3 Be6 17. Rae1 Nb8 18. g4 Na6 19. a3 g5 20. Nf5 Bxf5 21. gxf5 Nh5 22. e3 e6 23. Bh3 Nc7 24. Bg4 Nf6 25. Re2 h5 26. Bh3 g4 27.
fxg4 hxg4 28. Bg2 exf5 29. Rxf5 Re8 30. Ref2 Qe6 31. Nf1 Re7 32. Bc1 Rae8 33. Ng3 Nh7 34. Rh5 Qg6 35. Rhf5 Ng5 36. Qd1 Nh3+ 37. Bxh3 gxh3 38.
Qf1 Ne6 39. Qxh3 Ng5 40. Qg4 Ne4 41. R2f4 Nc3 42. Rg5 Qh7 43. Nf5 f6 44. Rh5 Ne2+ 45.
Qxe2 Qg6+ 46. Kf2 Re4 47. Rhh4 Qg5 48. Qf3 Rxf4 49. Rxf4 Re4 50. Rxe4 dxe4 51. Qxe4 Qh5 52. Qf4 Qd1 53. e4 Qc2+ 54. Bd2 Qd3 55. h4 Kf7 56. Qc7+ Ke6 57. Qe7# 1-0

[Event "*** SCC Grand Prix: Titled Tuesday Blitz"]
[Site "Chess.com"]
[Date "2020.10.13"]
[Round "1"]
[White "Kildepiotr"]
[Black "brunomorado"]
[Result "1-0"]
[WhiteElo "2638"]
[BlackElo "2306"]
[TimeControl "180+1"]
[EndTime "10:08:11 PDT"]
[Termination "Kildepiotr won by checkmate"]

1. Nf3 Nf6 2. g3 d5 3. Bg2 Bf5 4. O-O e6 5. d3 c5 6. Nbd2 Nc6 7. c3 Be7 8. Qe1 O-O 9. e4 Bg6 10. Nh4 dxe4 11. Nxg6 hxg6 12. dxe4 Qd3 13. Bf3 Rfd8 14. Be2 Qc2 15. Qd1 Qxd1 16. Rxd1 Rd7 17. f3 Rad8 18.
Kf1 Ne5 19. Ke1 Nd3+ 20. Bxd3 Rxd3 21. Ke2 c4 22. Rf1 b5 23. a4 a6 24. axb5 axb5 25. Ra5 Rb8 26. Rd1 Bd8 27. Ra6 Nd7 28. Nf1 Rxd1 29.
Kxd1 Nc5 30. Ra2 Nd3 31. Be3 Bb6 32. Bxb6 Rxb6 33. Ne3 Rd6 34. Ra8+ Kh7 35. Ke2 Nc1+ 36. Kf1 Rd3 37. Ng4 Rd1+ 38. Kf2 Rd2+ 39. Ke3 Rxb2 40.
Ne5 g5 41. Nxf7 Re2+ 42. Kd4 Rxh2 43. Nxg5+ Kg6 44. f4 Ne2+ 45. Ke5 Nxc3 46. Nxe6 b4 47. f5+ Kf7 48. Ra7+ Kg8 49. Rxg7+ Kh8 50. f6 b3 51. Nf4 Rh6 52. Ng6+ Rxg6 53. Rxg6 b2 54. f7 Kh7 55.
f8=Q Kxg6 56. Qf6+ Kh7 57. Qf7+ Kh6 58. Kf5 b1=Q 59.
Qg6# 1-0

[Event "*** SCC Grand Prix: Titled Tuesday Blitz"]
[Site "Chess.com"]
[Date "2020.10.13"]
[Round "1"]
[White "vinniethepooh"]
[Black "AnnaChessLook"]
[Result "0-1"]
[WhiteElo "2546"]
[BlackElo "2230"]
[TimeControl "180+1"]
[EndTime "10:08:12 PDT"]
[Termination "AnnaChessLook won by checkmate"]

1. d4 Nf6 2. c4 c5 3. d5 b5 4.
cxb5 a6 5. bxa6 g6 6. Nc3 Bg7 7. e4 Qa5 8. Bd2 O-O 9. Nf3 Bxa6 10. Be2 Bxe2 11. Qxe2 Qa6 12. e5 Ng4 13. Bf4 d6 14. exd6 exd6 15. Qxa6 Rxa6 16. h3 Nf6 17. O-O-O Nbd7 18. Rhe1 Rb8 19. Re2 Nh5 20. Bh2 Rab6 21. Na4 Ra6 22. Nc3 Rab6 23. g4 Bh6+ 24. Kb1 Nf4 25. Re7 Rxb2+ 26. Ka1 Ne5 27. Nxe5 dxe5 28.
d6 Bf8 29. Re8 Rxe8 30. Kxb2 Rd8 31. d7 g5 32. Bxf4 gxf4 33. Ne4 Kg7 34. g5 Kg6 35. Kc3 Kf5 36. f3 Ke6 37. Nf6 Be7 38. Kc4 Bxf6 39.
gxf6 Rxd7 40. Rxd7 Kxd7 41. Kxc5 e4 42. Kd4 e3 43.
Kd3 Kc6 44. Ke2 Kb5 45. Kd3 Ka4 46. Ke4 Ka3 47. Kxf4 e2 48. Kg5 e1=Q 49. Kh6 Qh4+ 50. Kg7 Qh5 51. f4 Kxa2 52. f5 Kb3 53. h4 Kc4 54. Kg8 Kd5 55. Kh8 Ke5 56. Kg7 Kxf5 57. Kh8 Kxf6 58. Kg8 Qg6+ 59. Kh8 Qg7# 0-1

[Event "*** SCC Grand Prix: Titled Tuesday Blitz"]
[Site "Chess.com"]
[Date "2020.10.13"]
[Round "1"]
[White "zverr1"]
[Black "Denis_Makhnyov"]
[Result "1-0"]
[WhiteElo "2489"]
[BlackElo "2883"]
[TimeControl "180+1"]
[EndTime "10:08:13 PDT"]
[Termination "zverr1 won by resignation"]

1. d4 d5 2. c4 dxc4 3. Nf3 Nf6 4. e3 Nc6 5. Bxc4 e5 6. O-O exd4 7. exd4 Be7 8. Nc3 O-O 9. Bg5 h6 10. Bh4 Bg4 11. d5 Ne5 12. Be2 Ng6 13. Bg3 Bxf3 14. Bxf3 Bd6 15. Qd3 a6 16. Rfe1 Bxg3 17. hxg3 Qd6 18.
Ne4 Nxe4 19. Bxe4 Ne5 20. Qb3 Rab8 21. Rac1 Rfe8 22. Qc3 Re7 23. f4 Ng4 24. Bf3 Rxe1+ 25. Qxe1 Nf6 26. Qe5 Ne8 27. Qxd6 cxd6 28. a4 Kf8 29. b4 Ke7 30. Kf2 Kd8 31. Ke3 Nf6 32. Kd4 Nd7 33. a5 Nf6 34. Be2 Ra8 35. g4 Kd7 36. g5 hxg5 37. fxg5 Ne8 38. Bg4+ Kd8 39. Rf1 Ke7 40. Re1+ Kf8 41. Rc1 Rd8 42. Rc8 Ke7 43. Bf5 g6 44. Bg4 Ng7 45. Rc7+ Kf8 46. Rxb7 Re8 47. Rb6 Re1 48. Rxa6 Rb1 49. Rb6 Ne8 50. a6 Nc7 51. a7 Ra1 52. Rb7 Rxa7 53. Rxa7 Nb5+ 54.
Kc4 Nxa7 55. b5 f5 56. gxf6 Nxb5 57. Kxb5 Kf7 58. Kc6 Kxf6 59. Kxd6 Kg5 60. Bf3 Kf4 61. Kc7 g5 62. d6 g4 63. Bxg4 Kxg4 64. d7 Kg3 65.
d8=Q Kxg2 66. Qg5+ 1-0

[Event "*** SCC Grand Prix: Titled Tuesday Blitz"]
[Site "Chess.com"]
[Date "2020.10.13"]
[Round "1"]
[White "KonstantinB_1983"]
[Black "lacafi"]
[Result "0-1"]
[WhiteElo "2509"]
[BlackElo "2124"]
[TimeControl "180+1"]
[EndTime "10:08:13 PDT"]
[Termination "lacafi won on time"]

1. d4 f5 2. Nc3 Nf6 3. Bg5 g6 4. h4 Bg7 5. e4 Nxe4 6. Nxe4 fxe4 7. h5 d5 8. hxg6 hxg6 9. Rxh8+ Bxh8 10. f3 exf3 11.
Nxf3 Bf6 12. Bd3 Bf5 13. Qd2 Nc6 14. c3 Qd7 15. Bb5 O-O-O 16. O-O-O Qd6 17. Bf4 e5 18. dxe5 Nxe5 19. Nd4 c6 20. Nxf5 gxf5 21. Be2 Qd7 22. Qc2 Rf8 23. Kb1 Ng4 24. Bd3 Be5 25. Bc1 f4 26.
Re1 Bd6 27. a4 Kb8 28. a5 Bc5 29. a6 b6 30. b4 Be3 31. Bb2 Qd6 32. Rh1 Nf6 33. Rh6 Qe7 34. Rg6 Ne4 35. Ka2 c5 36. Qa4 cxb4 37. Qc6 Nxc3+ 38. Bxc3 bxc3 39. Qxc3 Rc8 40.
Qb3 Qc7 41. Qxd5 Bc5 42. Re6 Be3 43. Rf6 Rd8 44. Qe4 Qd7 45. Re6 Qxd3 46. Qxd3 Rxd3 47. Kb2 Rd2+ 48. Kc3 Rxg2 49. Kc4 Kc7 50. Kd5 Rd2+ 51.
Kc4 Ra2 52. Re7+ Kc6 53. Rxa7 f3 54. Kb3 Rd2 55. Kc3 f2 56. Rf7 Rd1 57. a7 Ra1 0-1

[Event "*** SCC Grand Prix: Titled Tuesday Blitz"]
[Site "Chess.com"]
[Date "2020.10.13"]
[Round "1"]
[White "bascheyaro"]
[Black "SHIVACalypso"]
[Result "1-0"]
[WhiteElo "2713"]
[BlackElo "2368"]
[TimeControl "180+1"]
[EndTime "10:08:14 PDT"]
[Termination "bascheyaro won by resignation"]

1. d4 e6 2. Bf4 Nf6 3. c4 d5 4. Nf3 Bd6 5. Bg3 c6 6. e3 O-O 7. Nc3 Bb4 8. Qc2 Ne4 9. Bd3 f5 10. Ne5 Nd7 11. cxd5 exd5 12. Nxd7 Bxd7 13. Be5 Qa5 14.
Bxe4 fxe4 15. O-O Rf5 16. a3 Bxc3 17. bxc3 Raf8 18. c4 Rg5 19. cxd5 Qxd5 20. Rab1 Bh3 21. Bg3 Bc8 22. Rfc1 h5 23. Qb3 Rgf5 24. h4 Kh7 25.
a4 g5 26. hxg5 Rxg5 27. Qxd5 Rxd5 28. Be5 Rg8 29. Kf1 Rd7 30. Rc5 Rf7 31. Bf4 Bg4 32. a5 a6 33. d5 cxd5 34. Rxd5 Rgf8 35. Rb6 Bf5 36. Rh6+ Kg7 37. Rxh5 Bg6 38. Rhg5 Rf5 39. Rd7+ R8f7 40. Rxf5 Bxf5 41. Be5+ Kg6 42. Rd6+ Kh7 43. Bf4 Bg6 44. f3 Kg7 45. Kf2 Re7 46. Rb6 Rd7 47. Be5+ Kf7 48. Bd4 Bh5 49. g4 Bg6 50. f4 Re7 51. f5 Bh7 52. Kg3 Ke8 53. Kf4 Bg8 54. g5 Bd5 55. g6 Rd7 56. f6 Rc7 57. Rd6 Rd7 58. Rxd7 Kxd7 59. f7 Ke7 60. Bc5+ 1-0